[Event "Titled Tuesday Blitz May 24 Late 2022"]
[White "Malka, Samuel"]
[Black "Roman, Rodrigo"]
[WhiteFideId "20643675"]
[BlackFideId "3701220"]
[WhiteElo "2483"]
[BlackElo "2001"]
[Result "0-1"]
[Round "10"]
[TimeControl "180+1"]
[Date "2022.05.25"]
[WhiteClock "0:00:10"]
[BlackClock "0:00:21"]

1. c4 c5 2. Nf3 d6 3. d4 cxd4 4. Nxd4 g6 5. Nc3 Nc6 6. g3 Bg7 7. Nc2 Bxc3+ 8. bxc3 Be6 9. Ne3 Qa5 10. Qb3 Rb8 11. Bg2 Qa6 12. O-O Nf6 13. Qb5 Qxb5 14. cxb5 Na5 15. Ba3 Rc8 16. Bb4 b6 17. Bxa5 bxa5 18. c4 Nd7 19. Bc6 Kd8 20. Rfc1 Nb8 21. Bd5 Rc5 22. a4 Nd7 23. Rc2 Nb6 24. Bc6 Kc7 25. Rac1 h5 26. h4 f5 27. Ng2 Bf7 28. e4 fxe4 29. Bxe4 Rxc4 30. Nf4 Rxc2 31. Rxc2+ Kb8 32. Bxg6 Bb3 33. Re2 e5 34. Nxh5 Bd1 35. Rd2 Bxh5 36. Rxd6 Bf3 37. Rf6 e4 38. Re6 Rd8 39. Kh2 Rd2 40. g4 Rxf2+ 41. Kg3 Rg2+ 42. Kf4 Rxg4+ 43. Ke3 Rxh4 44. Bf5 Nc4+ 45. Kf2 Rh2+ 46. Kg3 Rg2+ 47. Kf4 Re2 48. Re8+ Kb7 49. Bc8+ Kb6 50. Ba6 Kc5 51. Rc8+ Kb4 52. Rxc4+ Kb3 53. b6 axb6 54. Rc8 Re1 55. Rd8 Kxa4 56. Bc4 Kb4 57. Rd4 Kc5 58. Rd5+ Kxc4 59. Rd6 b5 60. Rc6+ Kb4 61. Rd6 a4 62. Rd4+ Kb3 63. Rd2 b4 64. Rf2 a3 65. Ke5 a2 66. Kd4 a1=Q+ 67. Kd5 e3+ 68. Rxf3 Qd1+ 69. Ke4 Qxf3+ 70. Kxf3 Kc3 71. Kg2 Kd2 72. Kh2 b3 73. Kg2 b2 74. Kh2 b1=Q 75. Kg2 Rg1+ 76. Kh2 Rh1+ 77. Kg2 Qf1+ 78. Kg3 Rh3+ 79. Kg4 Qf3+ 80. Kg5 Rh5+ 81. Kg6 Qf5+ 82. Kg7 Rh7+ 83. Kg8 Qf7# 0-1


[Site "https://www.chess.com"]

[Event "Titled Tuesday Blitz May 24 Late 2022"]
[White "Maltsevskaya, Aleksandra"]
[Black "Moral Garcia, Serafin"]
[WhiteFideId "24174041"]
[BlackFideId "2201925"]
[WhiteElo "2235"]
[BlackElo "2228"]
[Result "0-1"]
[Round "10"]
[TimeControl "180+1"]
[Date "2022.05.24"]
[WhiteClock "0:00:02"]
[BlackClock "0:00:11"]

1. e4 c5 2. Nf3 e6 3. d4 cxd4 4. Nxd4 Nc6 5. Nc3 Qc7 6. f4 a6 7. Nxc6 Qxc6 8. Bd3 b5 9. Qe2 Bb7 10. Bd2 Nf6 11. a3 Bc5 12. O-O-O b4 13. axb4 Bxb4 14. Nd5 Bxd2+ 15. Rxd2 Nxd5 16. exd5 Qxd5 17. Bc4 Qa5 18. Kb1 d5 19. Bb3 O-O 20. f5 exf5 21. Rd3 Qb4 22. Rg3 g6 23. h4 Qf4 24. Qd3 d4 25. Rf1 Qxh4 26. Rh3 Qe4 27. Qd1 Qxg2 28. Rfh1 Qg4 29. Qc1 Bxh1 30. Qxh1 h5 31. Rh4 Qg5 32. Rxd4 Rad8 33. Rc4 Rd6 34. Rc3 Rfd8 35. Qb7 Qf6 36. Rc7 Rf8 37. Ka2 f4 38. Rc3 g5 39. Rh3 h4 40. Qf3 Qf5 41. Rh1 Rh6 42. Rg1 h3 43. Rg4 h2 44. Qg2 Rh5 45. c4 h1=Q 46. Qc6 Qxc6 0-1


[Site "https://www.chess.com"]

[Event "Titled Tuesday Blitz May 24 Late 2022"]
[White "Mangialardo, Tiago Carvalho"]
[Black "Remolar Gallen, Jose"]
[WhiteFideId "2130718"]
[BlackFideId "2215187"]
[WhiteElo "2156"]
[BlackElo "2205"]
[Result "0-1"]
[Round "10"]
[TimeControl "180+1"]
[Date "2022.05.25"]
[WhiteClock "0:00:03"]
[BlackClock "0:01:06"]

1. e4 c5 2. Nf3 d6 3. d4 cxd4 4. Nxd4 Nf6 5. Nc3 a6 6. Be3 e5 7. Nf3 Be7 8. Be2 Nbd7 9. O-O O-O 10. Qd2 b5 11. a3 Bb7 12. Bd3 Qc7 13. Rfe1 h6 14. Rad1 Nc5 15. Bxc5 dxc5 16. Nd5 Nxd5 17. exd5 Bxd5 18. Bh7+ Kh8 19. Qxd5 Kxh7 20. Qxe5 Qxe5 21. Rxe5 Bf6 22. Rxc5 Rad8 23. Rcd5 Rxd5 24. Rxd5 Bxb2 25. Rd3 Rc8 26. Ne1 Bc3 27. Kf1 Bxe1 28. Kxe1 Rxc2 29. Rd6 Ra2 30. Rxa6 b4 31. Rb6 bxa3 32. Ra6 h5 33. h4 f6 34. Kf1 Kg6 35. g3 Kf5 36. Ra4 Ke5 37. Ra5+ Kd4 38. Rxh5 Kc4 39. Ra5 Kb4 40. Ra8 Rb2 41. h5 a2 42. Ke1 Rb1+ 43. Kd2 a1=Q 44. Rb8+ Kc5 45. Rc8+ Kd6 46. Rd8+ Ke7 0-1


[Site "https://www.chess.com"]

[Event "Titled Tuesday Blitz May 24 Late 2022"]
[White "Matinian, Nikita"]
[Black "Peralta, Eduardo"]
[WhiteFideId "24129100"]
[BlackFideId "3700062"]
[WhiteElo "2422"]
[BlackElo "2125"]
[Result "1-0"]
[Round "10"]
[TimeControl "180+1"]
[Date "2022.05.24"]
[WhiteClock "0:00:10"]
[BlackClock "0:00:07"]

1. e4 c5 2. Nf3 Nc6 3. Bb5 g6 4. O-O Bg7 5. Re1 Nf6 6. e5 Nd5 7. Nc3 Nc7 8. Bxc6 bxc6 9. Ne4 Ne6 10. d3 O-O 11. h4 d5 12. exd6 exd6 13. h5 d5 14. h6 Bh8 15. Ng3 Rb8 16. c3 Qc7 17. Qa4 c4 18. d4 c5 19. Ne2 Bd7 20. Qd1 cxd4 21. Nexd4 Nc5 22. Bg5 Nd3 23. Re7 Qd6 24. Re2 Bg4 25. b3 Rfe8 26. bxc4 dxc4 27. Rxe8+ Rxe8 28. Qa4 Rc8 29. Qa5 Bxf3 30. Nxf3 Rc5 31. Qxa7 Rc8 32. Bd2 Qe6 33. Rb1 Qe2 34. Rb8 Qxf2+ 35. Qxf2 Nxf2 36. Rxc8# 1-0


[Site "https://www.chess.com"]

[Event "Titled Tuesday Blitz May 24 Late 2022"]
[White "Medeiros Jr, Francisco De Assis"]
[Black "Stanisz, Patryk"]
[WhiteFideId "2114267"]
[BlackFideId "1123106"]
[WhiteElo "2003"]
[BlackElo "1833"]
[Result "1-0"]
[Round "10"]
[TimeControl "180+1"]
[Date "2022.05.25"]
[WhiteClock "0:00:11"]
[BlackClock "0:00:19"]

1. d4 d5 2. c4 c6 3. Nf3 Nf6 4. e3 e6 5. Nc3 Nbd7 6. Bd3 dxc4 7. Bxc4 b5 8. Bd3 b4 9. Nb1 c5 10. O-O Bb7 11. Nbd2 Be7 12. Qe2 O-O 13. Rd1 cxd4 14. exd4 Nd5 15. Nc4 Rc8 16. Nfe5 Nxe5 17. dxe5 g6 18. Bh6 Re8 19. Qg4 Rc5 20. h4 Bxh4 21. Nd6 Bc6 22. Rac1 Rxc1 23. Rxc1 Bd7 24. Be4 Be7 25. Nxe8 Bxe8 26. Qf3 Nb6 27. Bc6 Bg5 28. Bxe8 Bxh6 29. Qxf7+ Kh8 30. Rc6 Qd1+ 31. Kh2 Qh5+ 32. Kg3 Qxe5+ 33. f4 Qe1+ 34. Kf3 Qf1+ 35. Ke3 Nd5+ 36. Kd4 Qf2+ 37. Ke5 Bg7+ 38. Kd6 Qxf4+ 39. Kd7 Qxf7+ 40. Bxf7 Nf6+ 41. Kxe6 Ne4 42. Rc8+ Bf8 43. Rxf8+ Kg7 44. Rg8+ Kh6 45. Be8 Ng5+ 46. Kd7 Kh5 47. Rf8 Kg4 48. Rf7 h5 49. Re7 Ne4 50. Re5 Ng3 51. Re4+ Kg5 52. Re7 Kh6 53. Rf7 Kg5 54. Re7 h4 55. Re6 Kh6 56. Bxg6 Kg5 57. Be4 Kf4 58. Re8 Nxe4 59. Rf8+ Kg3 60. Rg8+ Kf2 61. Ke6 Ng3 62. Rh8 Kxg2 63. Rxh4 Ne2 64. Rxb4 Nf4+ 65. Kf5 Kf3 66. Rxf4+ Ke3 67. Rc4 Kd3 68. Rc8 a5 69. Ke6 a4 70. a3 1-0


[Site "https://www.chess.com"]

[Event "Titled Tuesday Blitz May 24 Late 2022"]
[White "Mekhitarian, Krikor Sevag"]
[Black "Motylev, Alexander"]
[WhiteFideId "2107660"]
[BlackFideId "4121830"]
[WhiteElo "2598"]
[BlackElo "2470"]
[Result "1-0"]
[Round "10"]
[TimeControl "180+1"]
[Date "2022.05.24"]
[WhiteClock "0:00:03"]
[BlackClock "0:00:06"]

1. d4 Nf6 2. Nf3 d5 3. g3 g6 4. Bg2 Bg7 5. O-O O-O 6. c3 a5 7. Bf4 c6 8. Nbd2 a4 9. a3 Bf5 10. Nh4 Be6 11. e4 dxe4 12. Nxe4 Bb3 13. Qe2 Nxe4 14. Bxe4 Nd7 15. Bg2 Re8 16. Nf3 Bd5 17. Rfe1 b5 18. Rad1 e6 19. h4 h6 20. Nd2 Bxg2 21. Kxg2 Nf6 22. Be5 Qd5+ 23. Qf3 Qxf3+ 24. Kxf3 Rad8 25. Bxf6 Bxf6 26. Ne4 Bg7 27. Nc5 Rd6 28. Re2 Re7 29. Rde1 Kf8 30. Nd3 Bf6 31. h5 gxh5 32. Re4 Rd5 33. Nb4 Rf5+ 34. Rf4 Rxf4+ 35. Kxf4 Rc7 36. Nd3 h4 37. gxh4 Bxh4 38. Rh1 Bg5+ 39. Ke4 Kg7 40. f4 Bf6 41. Rg1+ Kf8 42. Rh1 Bg7 43. Ne5 Ke7 44. f5 Rc8 45. Nd3 Re8 46. fxe6 Kxe6 47. Nf4+ Kf6+ 48. Kd3 Bf8 49. Rf1 Ke7 50. Nh5 Rd8 51. Re1+ Kd6 52. Nf6 Kc7 53. Rf1 Be7 54. Ng4 h5 55. Ne5 Rf8 56. Rf5 h4 57. Rh5 f6 58. Ng6 Rf7 59. Rxh4 Rh7 60. Rxh7 1-0


[Site "https://www.chess.com"]

[Event "Titled Tuesday Blitz May 24 Late 2022"]
[White "Mickiewicz, Piotr"]
[Black "Gross, Nicholas"]
[WhiteFideId "1114891"]
[BlackFideId "30921961"]
[WhiteElo "2223"]
[BlackElo "1958"]
[Result "1-0"]
[Round "10"]
[TimeControl "180+1"]
[Date "2022.05.25"]
[WhiteClock "0:00:01"]
[BlackClock "0:00:05"]

1. e4 c5 2. Nf3 d6 3. d4 cxd4 4. Nxd4 Nf6 5. Nc3 g6 6. f3 Bg7 7. Be3 O-O 8. Qd2 Nc6 9. Bc4 Nxd4 10. Bxd4 Be6 11. Bb3 Qa5 12. O-O-O b5 13. Kb1 b4 14. Nd5 Bxd5 15. exd5 Qb5 16. Rhe1 a5 17. Qe2 Qxe2 18. Rxe2 a4 19. Bc4 Rfc8 20. Bb5 Rc7 21. Bc6 Ra6 22. c4 Nh5 23. g3 Bxd4 24. Rxd4 Nf6 25. g4 g5 26. h4 h6 27. h5 Kf8 28. f4 gxf4 29. Rxf4 a3 30. b3 Ra5 31. Rxf6 exf6 32. Re8+ Kg7 33. Rd8 f5 34. gxf5 Kf6 35. Rxd6+ Kxf5 36. Rxh6 Kg5 37. Rh8 f5 38. Kc2 f4 39. Kd3 Rf7 40. d6 Ra6 41. Rg8+ Kxh5 42. Be8 Rxd6+ 43. Kc2 Rf6 44. Bxf7+ Rxf7 45. Kd2 f3 46. Ke1 f2+ 47. Kf1 Kh4 48. Rb8 Kg3 49. Rd8 Kf3 50. Rd3+ Ke4 51. Rh3 Kd4 52. Rg3 Rf5 53. Rh3 Ke4 54. Rg3 Kd4 55. Rh3 Kc5 56. Rd3 Rh5 57. Rd2 Rh1+ 58. Kxf2 Ra1 59. Ke3 Rb1 60. Kd3 Ra1 61. Re2 Kc6 62. Re6+ Kc7 63. Re2 Kc6 64. Rd2 Kc5 65. Ke2 Kc6 66. Ke3 Kc5 67. Kd3 Re1 68. Kc2 Ra1 69. Rd5+ Kc6 70. Rb5 Rxa2+ 71. Kd3 1-0


[Site "https://www.chess.com"]

[Event "Titled Tuesday Blitz May 24 Late 2022"]
[White "Nazaretyan, Tigran"]
[Black "Mikhalsky, Vladimir"]
[WhiteFideId "24162345"]
[BlackFideId "14144352"]
[WhiteElo "2225"]
[BlackElo "2301"]
[Result "0-1"]
[Round "10"]
[TimeControl "180+1"]
[Date "2022.05.25"]
[WhiteClock "0:00:12"]
[BlackClock "0:00:25"]

1. d4 Nf6 2. c4 g6 3. Nc3 Bg7 4. e4 O-O 5. Nf3 d6 6. Be2 e5 7. O-O Nc6 8. d5 Ne7 9. b4 Nh5 10. g3 a5 11. Ba3 f5 12. Ng5 Nf6 13. Bf3 fxe4 14. Ncxe4 Nf5 15. c5 Nd4 16. Bg2 Nxe4 17. Nxe4 a4 18. Bb2 a3 19. Bc3 Bf5 20. Rc1 Nb5 21. Ba1 Bh6 22. Rc4 Qd7 23. c6 bxc6 24. dxc6 Qf7 25. Qb3 Be6 26. Rfc1 d5 27. Bxe5 dxc4 28. Qd1 Bg7 29. Ng5 Qxf2+ 30. Kh1 Rad8 31. Qa4 Rd2 32. Rg1 Qxg2+ 33. Rxg2 Rf1+ 34. Rg1 Bd5+ 35. Ne4 Bxe4# 0-1


[Site "https://www.chess.com"]

[Event "Titled Tuesday Blitz May 24 Late 2022"]
[White "Olafsson, Helgi"]
[Black "Nozdrachev, Leonid"]
[WhiteFideId "2300010"]
[BlackFideId "24113433"]
[WhiteElo "2463"]
[BlackElo "2255"]
[Result "1-0"]
[Round "10"]
[TimeControl "180+1"]
[Date "2022.05.24"]
[WhiteClock "0:00:34"]
[BlackClock "0:00:01"]

1. Nf3 c5 2. c4 g6 3. d4 Bg7 4. e4 Nf6 5. Nc3 O-O 6. Be2 cxd4 7. Nxd4 Qb6 8. Nb3 a5 9. Be3 Qd8 10. O-O a4 11. Nd4 a3 12. b4 Nc6 13. Rb1 d6 14. Ndb5 Nd7 15. Qb3 Nde5 16. Nxa3 Ng4 17. Bxg4 Bxg4 18. Nab5 Be6 19. Nd5 Ne5 20. Rfd1 Bxd5 21. exd5 Ng4 22. Bd4 Qd7 23. Bxg7 Kxg7 24. h3 Nf6 25. Re1 Rfc8 26. Rbd1 Kg8 27. Re3 Re8 28. a4 Rac8 29. a5 Ra8 30. Rde1 Nxd5 31. cxd5 Qxb5 32. Rxe7 Rxe7 33. Rxe7 Kf8 34. Re3 Rc8 35. Qb2 Kg8 36. Qd4 h5 37. Kh2 Rc4 38. Qf6 Rc8 39. Qf3 Qxb4 40. Re7 Rf8 41. Qf6 Qxa5 42. Qxd6 b5 43. Rb7 Qd2 44. f3 b4 45. Rxb4 Re8 46. Rb8 Rxb8 47. Qxb8+ Kg7 48. Qe5+ Kf8 49. d6 1-0


[Site "https://www.chess.com"]

[Event "Titled Tuesday Blitz May 24 Late 2022"]
[White "Pesotskiy, Mikhail"]
[Black "Kostiukov, Alexandr"]
[WhiteFideId "34164453"]
[BlackFideId "14108100"]
[WhiteElo "2010"]
[BlackElo "2202"]
[Result "0-1"]
[Round "10"]
[TimeControl "180+1"]
[Date "2022.05.25"]
[WhiteClock "0:00:06"]
[BlackClock "0:00:26"]

1. d4 g6 2. c4 Bg7 3. e4 d6 4. Nc3 e5 5. d5 f5 6. exf5 gxf5 7. Qh5+ Kf8 8. Nf3 Nf6 9. Qh4 h6 10. Be2 Qe7 11. Bd2 e4 12. Nd4 Nxd5 13. Qh3 Nf6 14. Nxf5 Bxf5 15. Qxf5 Nc6 16. Nd5 Qf7 17. Bc3 Nxd5 18. Qxd5 Bxc3+ 19. bxc3 Qxd5 20. cxd5 Ne5 21. Rb1 b6 22. Rb4 Rg8 23. g3 Re8 24. Rxe4 Rg7 25. O-O Rge7 26. Rf4+ Kg7 27. Bh5 Rf8 28. Rxf8 Kxf8 29. Rd1 Nd7 30. h4 Re5 31. Bf3 Nc5 32. Kg2 a5 33. g4 Kf7 34. Kf1 Na4 35. Rd3 Kf6 36. Bg2 b5 37. f4 Re7 38. Kf2 Kg7 39. g5 Kg6 40. Bh3 Kh5 41. Kg3 Re1 42. Bg4+ Kg6 43. f5+ Kg7 44. f6+ Kg6 45. Rf3 Re8 46. Bd7 Rb8 47. f7 Rf8 48. Bxb5 Nc5 49. Be8 hxg5 50. hxg5 Kxg5 51. Re3 Kf6 52. Kf3 a4 53. Ke2 Kf5 54. Kf3 Nb7 55. c4 Nc5 56. Ke2 Kf6 57. Kd2 Rh8 58. Rf3+ Ke7 59. Kc3 Kf8 60. Kb4 Rh2 61. a3 Rb2+ 62. Ka5 Rb3 63. Rxb3 axb3 64. Ba4 Nxa4 0-1


[Site "https://www.chess.com"]

[Event "Titled Tuesday Blitz May 24 Late 2022"]
[White "Petrovic, Aleksa"]
[Black "Barria Zuniga, Daniel"]
[WhiteFideId "967629"]
[BlackFideId "3400816"]
[WhiteElo "2144"]
[BlackElo "2414"]
[Result "1-0"]
[Round "10"]
[TimeControl "180+1"]
[Date "2022.05.25"]
[WhiteClock "0:00:29"]
[BlackClock "0:00:02"]

1. d4 f5 2. Nf3 Nf6 3. g3 g6 4. Bg2 Bg7 5. O-O O-O 6. c4 d6 7. Nc3 a5 8. Nd5 Nfd7 9. Ng5 Nf6 10. Nf4 Nc6 11. Nfe6 Bxe6 12. Nxe6 Qd7 13. Nxf8 Rxf8 14. b3 Kh8 15. Bb2 f4 16. gxf4 Nh5 17. e3 Qf5 18. Qe2 e5 19. dxe5 dxe5 20. Bxc6 bxc6 21. Bxe5 Bxe5 22. fxe5 Qxe5 23. Rab1 Nf4 24. Qb2 Qxb2 25. Rxb2 Nd3 26. Rd2 Ne5 27. f4 Ng4 28. Re1 Re8 29. e4 Rf8 30. e5 Kg7 31. e6 Kf6 32. e7 Re8 33. Rd7 Kf5 34. Rxc7 Kxf4 35. Rxc6 Ne5 36. Rf6+ Kg5 37. Rxe5+ Kxf6 38. Re1 Rxe7 39. Rxe7 Kxe7 40. a3 Kd6 41. b4 axb4 42. axb4 Ke5 43. Kf2 g5 44. Kf3 h5 45. Kg3 Ke4 46. b5 Ke5 47. b6 Kd6 48. c5+ Kc6 49. Kf3 Kb7 50. Ke4 g4 51. Kf4 Kc6 52. Kg5 g3 53. hxg3 h4 54. gxh4 1-0


[Site "https://www.chess.com"]

[Event "Titled Tuesday Blitz May 24 Late 2022"]
[White "Pranav, V"]
[Black "Paravyan, David"]
[WhiteFideId "25060783"]
[BlackFideId "4194985"]
[WhiteElo "2349"]
[BlackElo "2569"]
[Result "0-1"]
[Round "10"]
[TimeControl "180+1"]
[Date "2022.05.24"]
[WhiteClock "0:00:06"]
[BlackClock "0:00:10"]

1. Nf3 Nf6 2. g3 g6 3. Bg2 Bg7 4. O-O O-O 5. d3 d5 6. Nbd2 c5 7. e4 Nc6 8. exd5 Nxd5 9. Re1 Qc7 10. Nc4 Rd8 11. c3 b6 12. Qe2 Bb7 13. Ng5 Qd7 14. Bh3 Qe8 15. Be6 Ne5 16. Nxe5 fxe6 17. Nxe6 Rd6 18. Nxg7 Kxg7 19. Qg4 Qc8 20. Qh4 Qf5 21. Bh6+ Kg8 22. Qe4 Qh5 23. Bd2 Rb8 24. Ng4 Nf6 25. Nxf6+ Rxf6 26. Qe5 Qf3 27. Qxb8+ Rf8 28. Qxb7 Qxb7 29. Re3 Qd5 30. Rae1 Rf7 31. c4 Qf5 32. R1e2 Kf8 33. Bc3 Ke8 34. h4 Kd7 35. d4 cxd4 36. Bxd4 Qb1+ 37. Kg2 Qxa2 38. Rd2 Kc6 39. Rc3 Kb7 40. c5 Qd5+ 41. Kh2 bxc5 42. Rxc5 Rxf2+ 43. Rxf2 Qxd4 44. Rfc2 e5 45. Rc7+ Kb6 46. Rxh7 e4 47. Re7 Qd3 48. Rf2 e3 49. Rg2 a5 50. Re5 a4 51. Kh3 Qd7+ 52. g4 Qd3 53. Re6+ Kc5 54. Kh2 Qd4 55. Kh3 Qf4 56. Rg3 Qf1+ 57. Kh2 e2 58. Rge3 Qf2+ 59. Kh3 Qf1+ 60. Kg3 Qg1+ 61. Kf4 Qf2+ 62. Kg5 e1=Q 63. Rxe1 Qxb2 64. R1e5+ Kd4 65. Re4+ Kd5 66. Kxg6 a3 67. Re8 a2 68. Re1 Qb1+ 69. Rxb1 axb1=Q+ 70. Kh5 Qh7+ 71. Kg5 Qg7+ 72. Kh5 Qf7+ 73. Kh6 Qxe8 74. g5 Ke6 75. g6 Kf6 76. g7 Qg6# 0-1


[Site "https://www.chess.com"]

[Event "Titled Tuesday Blitz May 24 Late 2022"]
[White "Przybylski, Wojciech"]
[Black "Gong, Patrick"]
[WhiteFideId "1117599"]
[BlackFideId "3222500"]
[WhiteElo "2133"]
[BlackElo "2103"]
[Result "0-1"]
[Round "10"]
[TimeControl "180+1"]
[Date "2022.05.24"]
[WhiteClock "0:00:03"]
[BlackClock "0:00:26"]

1. d4 Nf6 2. c4 c5 3. dxc5 Qa5+ 4. Nc3 Ne4 5. Bd2 Nxd2 6. Qxd2 Qxc5 7. e3 d6 8. Nf3 Be6 9. Rc1 g6 10. Ne4 Qc6 11. Qd4 Rg8 12. c5 Bg7 13. Qb4 Na6 14. Qb5 Bd7 15. Qd3 Bxb2 16. Rb1 d5 17. Ned2 Bg7 18. Be2 Nxc5 19. Qa3 Ne4 20. O-O Nc3 21. Rbe1 Rc8 22. Nd4 Qc5 23. Qb3 b5 24. Bd1 b4 25. N2f3 Ba4 26. Qxa4+ Nxa4 27. Bxa4+ Kf8 28. Ng5 Bxd4 29. exd4 Qxd4 30. Nxh7+ Kg7 31. Ng5 Rc7 32. Bb3 Qf4 33. Nf3 e6 34. Re3 Rc3 35. Re2 Rgc8 36. Ne5 Rc1 37. g3 Rxf1+ 38. Kxf1 Rc1+ 39. Kg2 Qf5 40. Ba4 Rc4 41. Be8 Re4 42. Rxe4 Qxe4+ 43. Nf3 d4 44. Ba4 d3 45. Bd1 d2 46. Kf1 Qd3+ 47. Kg2 a5 48. Ne5 Qd5+ 49. Nf3 a4 50. Kf1 Qd3+ 51. Kg2 b3 52. axb3 axb3 53. Bxb3 Qxb3 54. Nxd2 Qd5+ 55. Nf3 g5 56. g4 f5 57. h3 Qe4 58. Kg3 f4+ 59. Kg2 Kf6 60. h4 gxh4 61. Kh2 Qxf3 62. g5+ Kxg5 63. Kg1 h3 64. Kf1 Qd1# 0-1


[Site "https://www.chess.com"]

[Event "Titled Tuesday Blitz May 24 Late 2022"]
[White "Rios Escobar, Adan"]
[Black "Milchev, Nikolay"]
[WhiteFideId "3403645"]
[BlackFideId "2906090"]
[WhiteElo "2386"]
[BlackElo "2449"]
[Result "1-0"]
[Round "10"]
[TimeControl "180+1"]
[Date "2022.05.25"]
[WhiteClock "0:00:14"]
[BlackClock "0:00:23"]

1. d4 Nf6 2. g3 g6 3. Bg2 Bg7 4. e4 O-O 5. Ne2 d6 6. O-O Nc6 7. Nbc3 a6 8. a4 Rb8 9. d5 Na5 10. b4 Nc4 11. b5 axb5 12. axb5 b6 13. f4 Nd7 14. Ra4 Na5 15. Nd4 Nc5 16. Ra2 Bd7 17. Bb2 Nc4 18. Bc1 Ra8 19. Rxa8 Qxa8 20. Nce2 Qa4 21. Nc6 e6 22. Ned4 e5 23. Ne7+ Kh8 24. Ndc6 exf4 25. gxf4 Qxb5 26. f5 Bxc6 27. Nxc6 f6 28. fxg6 hxg6 29. Qg4 Ne5 30. Nxe5 fxe5 31. Qxg6 Rxf1+ 32. Bxf1 Qd7 33. Qh5+ Kg8 34. Bh3 Qf7 35. Qg4 Kf8 36. Bg5 Qe8 37. Be3 Kg8 38. Qh4 Qf8 39. Bxc5 Qf3 40. Be6+ Kf8 41. Qd8# 1-0


[Site "https://www.chess.com"]

[Event "Titled Tuesday Blitz May 24 Late 2022"]
[White "Romero Ruscalleda, Josep"]
[Black "Lehtosaari, Mauri"]
[WhiteFideId "2231859"]
[BlackFideId "501999"]
[WhiteElo "2312"]
[BlackElo "2460"]
[Result "1-0"]
[Round "10"]
[TimeControl "180+1"]
[Date "2022.05.25"]
[WhiteClock "0:00:04"]
[BlackClock "0:00:13"]

1. e4 c5 2. c3 e6 3. d4 Nf6 4. e5 Nd5 5. Nf3 cxd4 6. cxd4 b6 7. a3 Bb7 8. Bd3 d6 9. O-O Nd7 10. Re1 Rc8 11. Bd2 Be7 12. Nc3 Nxc3 13. Bxc3 O-O 14. Qe2 dxe5 15. dxe5 Nc5 16. Bc2 Qc7 17. Rad1 Rfd8 18. Rxd8+ Rxd8 19. Rd1 Rxd1+ 20. Qxd1 g6 21. Qd4 Nd7 22. Nd2 Bc5 23. Qf4 f5 24. Nf3 Bxa3 25. Ng5 Nf8 26. Qa4 Be7 27. Nf3 Bxf3 28. gxf3 Qd7 29. Qa1 a5 30. Bb3 Bc5 31. Qa2 Kf7 32. Kg2 Qe7 33. Bc4 Qh4 34. Be1 Qf4 35. Qb3 Qxe5 36. Qb5 Qd6 37. Qa6 Nd7 38. Bc3 Qe7 39. Qc8 Qe8 40. Qc6 Nf6 41. Qc7+ Qe7 42. Qe5 Bd6 43. Qd4 h6 44. h4 h5 45. Qxb6 Bb4 46. Bd4 Ne8 47. Qc6 Nd6 48. Bb3 Ne8 49. Be5 Nf6 50. Qc8 Qe8 51. Qb7+ Qe7 52. Qb5 Nd7 53. Bd4 Bd6 54. Qc6 Bb8 55. Ba4 Ne5 56. Qc8 Bd6 57. Qh8 Nd3 58. Qg7# 1-0


[Site "https://www.chess.com"]

[Event "Titled Tuesday Blitz May 24 Late 2022"]
[White "Rustemov, Alexander"]
[Black "Vajda, Levente"]
[WhiteFideId "4119002"]
[BlackFideId "1203975"]
[WhiteElo "2845"]
[BlackElo "2573"]
[Result "1/2-1/2"]
[Round "10"]
[TimeControl "180+1"]
[Date "2022.05.24"]
[WhiteClock "0:00:24"]
[BlackClock "0:00:18"]

1. d4 d5 2. c4 e6 3. Nc3 Nf6 4. cxd5 exd5 5. Bg5 c6 6. e3 Be7 7. Bd3 Nbd7 8. Qc2 Nh5 9. Bxe7 Qxe7 10. Nge2 g6 11. O-O O-O 12. Rab1 a5 13. a3 Ndf6 14. b4 axb4 15. axb4 Ng7 16. b5 Bf5 17. bxc6 bxc6 18. Nf4 Rfd8 19. Rfc1 c5 20. dxc5 Bxd3 21. Nxd3 d4 22. exd4 Nf5 23. Nb5 Nxd4 24. Nxd4 Rxd4 25. c6 Rc8 26. h3 Qd6 27. Rb3 h5 28. Rc3 Ne4 29. Rc4 Rxd3 30. Rxe4 Rd2 31. Qc4 Rd1+ 32. Rxd1 Qxd1+ 33. Kh2 Qd6+ 34. Rf4 Rc7 35. g3 Qxc6 36. Qe2 Qd5 37. Re4 Rc1 38. h4 Kh7 39. Qf3 Re1 40. Rf4 Qxf3 41. Rxf3 Kg7 42. Ra3 Re6 43. f3 Rf6 44. g4 hxg4 45. fxg4 Rf4 46. Kg3 Rb4 47. Rc3 Ra4 48. Rf3 Rb4 49. h5 gxh5 50. gxh5 Kh6 51. Rf5 Ra4 52. Rb5 Rc4 53. Kh3 Rd4 54. Rf5 Rc4 55. Kg3 Rb4 56. Ra5 Rc4 57. Rb5 Rd4 58. Rc5 Rb4 59. Ra5 Rc4 60. Rf5 Rb4 61. Rc5 Ra4 62. Rb5 Rc4 63. Rd5 Rb4 64. Rf5 Rc4 65. Rb5 Rd4 66. Ra5 Rc4 1/2-1/2


[Site "https://www.chess.com"]

[Event "Titled Tuesday Blitz May 24 Late 2022"]
[White "Santos Ruiz, Miguel"]
[Black "Janaszak, Dawid"]
[WhiteFideId "22291482"]
[BlackFideId "1119206"]
[WhiteElo "2486"]
[BlackElo "2199"]
[Result "1-0"]
[Round "10"]
[TimeControl "180+1"]
[Date "2022.05.24"]
[WhiteClock "0:00:26"]
[BlackClock "0:00:02"]

1. Nf3 g6 2. g3 Bg7 3. c4 d6 4. Bg2 Nf6 5. Nc3 O-O 6. O-O c5 7. d4 Nc6 8. dxc5 dxc5 9. Bf4 Nh5 10. Be3 Nd4 11. Nb5 e5 12. Nc3 Bf5 13. Rc1 Qa5 14. Nd2 Rad8 15. Nb3 Qc7 16. Nd5 Qd6 17. Bg5 f6 18. Bd2 b6 19. e3 Nxb3 20. axb3 Bd3 21. g4 Bxf1 22. Qxf1 f5 23. gxh5 f4 24. Be4 f3 25. hxg6 Kh8 26. Qh3 h6 27. Kh1 a6 28. Rg1 Qd7 29. Rg4 b5 30. Rh4 Qxh3 31. Rxh3 bxc4 32. bxc4 Rb8 33. Bc3 a5 34. Bxf3 a4 35. Kg2 a3 36. bxa3 Rb3 37. a4 Re8 38. Be4 Ra3 39. a5 Ra4 40. Nc7 Re7 41. Nb5 Rxc4 42. Bd5 Rg4+ 43. Kf3 Rxg6 44. Rh4 Rf6+ 45. Ke2 Rg6 46. Ra4 e4 47. Bxg7+ Rgxg7 48. a6 c4 49. a7 1-0


[Site "https://www.chess.com"]

[Event "Titled Tuesday Blitz May 24 Late 2022"]
[White "Sapunov, Evgeny"]
[Black "Richter, Nils"]
[WhiteFideId "4126661"]
[BlackFideId "12990809"]
[WhiteElo "2470"]
[BlackElo "2243"]
[Result "1-0"]
[Round "10"]
[TimeControl "180+1"]
[Date "2022.05.24"]
[WhiteClock "0:00:19"]
[BlackClock "0:00:22"]

1. c4 Nf6 2. Nf3 g6 3. Nc3 Bg7 4. e4 O-O 5. d4 d6 6. Be2 e5 7. O-O Bg4 8. d5 a5 9. Be3 Na6 10. h3 Bd7 11. Bg5 h6 12. Bh4 g5 13. Bg3 Nh5 14. Nd2 Nxg3 15. fxg3 f5 16. exf5 Bxf5 17. Nde4 Nc5 18. Bd3 Nxd3 19. Qxd3 Bg6 20. g4 Kh7 21. g3 Qe7 22. Kg2 c6 23. Rad1 Rxf1 24. Kxf1 Rf8+ 25. Kg2 Qf7 26. Rf1 Qxf1+ 27. Qxf1 Rxf1 28. Kxf1 cxd5 29. cxd5 Bf8 30. a4 Kg7 31. Ke2 Kf7 32. h4 Be7 33. h5 Bh7 34. Kf3 Ke8 35. Nd1 Kd7 36. Ne3 Bg8 37. Ke2 Bf7 38. Kd3 Bd8 39. Kc4 Kc7 40. Nf5 b5+ 41. axb5 Kb6 42. Nfxd6 Bg8 43. Nf5 Bh7 44. Ned6 Bc7 45. Nc8+ Kb7 46. Nce7 e4 47. Kd4 a4 48. d6 Ba5 49. Kxe4 Bc3 50. bxc3 a3 51. d7 Kc7 52. Nc6 Kxd7 53. Nb4 Bg8 54. Nxh6 a2 55. Nxa2 Bxa2 56. Kf5 Kd6 57. Kxg5 Kc5 58. Nf5 Kxb5 59. Kf6 Kc4 60. g5 Kxc3 61. g6 Kd3 62. h6 Ke4 63. h7 Kf3 64. g7 Kg4 65. g8=Q+ Bxg8 66. hxg8=Q+ Kf3 67. Qg5 Kg2 68. g4 Kh3 69. Qh4+ Kg2 70. Qg3+ Kh1 71. Qb3 Kg2 72. g5 Kh1 73. Qc2 Kg1 74. g6 Kh1 75. Kg5 Kg1 76. Kg4 Kh1 77. Kg3 Kg1 78. Qc1# 1-0


[Site "https://www.chess.com"]

[Event "Titled Tuesday Blitz May 24 Late 2022"]
[White "Seletsky, Grigory"]
[Black "Turutin, Alexander"]
[WhiteFideId "14112191"]
[BlackFideId "4180623"]
[WhiteElo "2492"]
[BlackElo "2402"]
[Result "1-0"]
[Round "10"]
[TimeControl "180+1"]
[Date "2022.05.25"]
[WhiteClock "0:00:16"]
[BlackClock "0:00:04"]

1. e4 c6 2. d4 d5 3. Nc3 dxe4 4. Nxe4 Nf6 5. Ng3 c5 6. N1e2 h5 7. h4 Nc6 8. c3 e5 9. dxe5 Qxd1+ 10. Kxd1 Nxe5 11. f3 Bd7 12. Kc2 O-O-O 13. Bg5 Bc6 14. Nf4 Be7 15. Nf5 Bf8 16. Re1 Ng6 17. Nxg6 fxg6 18. Ne3 Bd6 19. Bd3 Be8 20. Nc4 Bg3 21. Re2 Bf7 22. Ne5 Bxe5 23. Rxe5 c4 24. Be4 b6 25. Bxf6 gxf6 26. Re7 Rd7 27. Rxd7 Kxd7 28. Rd1+ Kc7 29. f4 Rd8 30. Rxd8 Kxd8 31. Kd2 Kc7 32. Ke3 Kd6 33. Kd4 b5 34. g3 a5 35. Bc2 Be8 36. Be4 Bf7 37. Bc2 b4 38. a3 bxa3 39. bxa3 Kc6 40. Ba4+ Kd6 41. Bb5 Be6 42. Bxc4 Bg4 43. Bd3 1-0


[Site "https://www.chess.com"]